 Dungeon Crawl Stone Soup version 0.24.0-123-gd5b16e6ec5 (webtiles) character file.

Game seed: 15196683795578284041, levelgen mode: deterministic

219 Delamore the Chopper (level 6, 0/47 HPs)
             Began as a Formicid Fighter on Jan 3, 2020.
             Slain by a crocodile (5 damage)
             ... in a sewer.
             The game lasted 00:04:38 (2666 turns).

Delamore the Chopper (Formicid Fighter)             Turns: 2666, Time: 00:04:39

Health: 0/47       AC: 12    Str: 27      XL:     6   Next: 18%
Magic:  6/6        EV:  5    Int:  8      God:
Gold:   129        SH:  9    Dex:  8 (10) Spells: 5/5 levels left

rFire    . . .     SeeInvis +   a - +0 war axe
rCold    . . .     Gourm    .   c - +0 shield
rNeg     . . .     Faith    .   g - +1 plate armour
rPois    .         Spirit   .   (helmet unavailable)
rElec    .         Reflect  .   (no cloak)
rCorr    .         Harm     .   (no gloves)
MR       .....                  (no boots)
Stlth    ..........             h - amulet of magic regeneration
HPRegen  0.15/turn              (no ring)
MPRegen  0.35/turn              (no ring)

@: mighty
A: permanent stasis, dig shafts and tunnels, four strong arms, antennae 3
a: Dig, Shaft Self


You were in a sewer.
You were not hungry.

You visited 1 branch of the dungeon, and saw 3 of its levels.
You also visited: Sewer.

You collected 129 gold pieces.

Inventory:

Hand Weapons
 a - a +0 war axe (weapon)
Armour
 b - a +0 scale mail
 c - a +0 shield (worn)
 g - a +1 plate armour (worn)
Jewellery
 h - an amulet of magic regeneration (around neck)
Wands
 k - a wand of acid (8)
Scrolls
 j - a scroll of teleportation
Potions
 e - a potion of flight
Comestibles
 f - 3 rations
 i - 2 chunks of flesh


   Skills:
 - Level 3.2 Fighting
 + Level 6.0 Axes
 - Level 3.2 Armour
 - Level 3.6 Shields


You had 5 spell levels left.
You didn't know any spells.
Your spell library was empty.

Dungeon Overview and Level Annotations

Branches:
Dungeon (3/15)              Sewer (1/1)

Altars:


Innate Abilities, Weirdness & Mutations

You cannot be hasted, slowed, berserked, paralysed or teleported.
You can dig through walls and to a lower floor.
Your four strong arms can wield two-handed weapons with a shield.
You have a pair of large antennae on your head. (SInv)


Message History

The crocodile is moderately wounded.
The crocodile bites you but does no damage.
You closely miss the crocodile.
The crocodile is moderately wounded.
You block the crocodile's attack.
You closely miss the crocodile.
The crocodile is moderately wounded.
The crocodile bites you. You block the crocodile's attack.
You hit the crocodile but do no damage.
The crocodile is moderately wounded.
The crocodile bites you!
You are too injured to fight recklessly!
You are too injured to fight recklessly!
Your plate armour prevents you from hitting the crocodile.
The crocodile is moderately wounded.
The crocodile bites you!
* * * LOW HITPOINT WARNING * * *
You feel very mighty all of a sudden. The crocodile bites you.
You die...

#.# ####### #.#
##.....## #.#
#...≈...## #.#
...≈≈≈...#######.#
∩÷≈≈≈≈≈..........#
...≈≈≈...#######.#
#...≈...## #.#
##.....## #@#
####### #t#
#.....# #.......#
#.......#
#.......#
#.......#
#..$$$..#
##$!([$##


You could see a crocodile.

Vanquished Creatures
  Ijyb (D:2)
  Natasha (thrice) (D:2)
  3 adders (D:2)
  5 worms
  3 dart slugs (D:2)
  3 leopard geckos
  13 bats
  4 giant cockroaches
  7 goblins
  8 hobgoblins
  2 jackals (D:3)
  A quokka (D:2)
  A ball python (D:1)
  A frilled lizard (D:2)
  11 kobolds
  5 rats
71 creatures vanquished.

Notes
Turn   | Place    | Note
-------+----------+-------------------------------------------
     0 | D:1      | Delamore the Formicid Fighter began the quest for the Orb.
     0 | D:1      | Reached XP level 1. HP: 18/18 MP: 1/1
   186 | D:1      | Reached XP level 2. HP: 24/24 MP: 2/2
   346 | D:1      | Reached skill level 3 in Axes
   650 | D:1      | Reached XP level 3. HP: 29/29 MP: 3/3
   928 | D:2      | Reached skill level 4 in Axes
   928 | D:2      | Reached XP level 4. HP: 25/35 MP: 4/4
  1616 | D:2      | Noticed Natasha
  1626 | D:2      | Killed Natasha
  1626 | D:2      | Reached skill level 5 in Axes
  1626 | D:2      | Reached XP level 5. HP: 32/41 MP: 5/5
  1652 | D:2      | Noticed Natasha
  1662 | D:2      | Killed Natasha
  1679 | D:2      | Noticed Natasha
  1691 | D:2      | Killed Natasha
  2042 | D:3      | Noticed Ijyb
  2062 | D:2      | Killed Ijyb
  2062 | D:2      | Reached XP level 6. HP: 6/47 MP: 6/6
  2485 | D:3      | Found a glowing drain.
  2506 | Sewer    | Entered a sewer
  2509 | Sewer    | Reached skill level 6 in Axes
  2666 | Sewer    | Slain by a crocodile

Levels and vault maps discovered:
D:1:      dpeg_arrival_castle, layout_basic
D:2:      layout_rooms, first_ration, lemuel_another_geyser, uniq_natasha
D:3:      layout_basic, regret_index_temple_of_mockery,
          cheibrodos_sewer_entry_bend, uniq_ijyb
Sewer:    sewer_big_baddie

Skill      XL: |  1  2  3  4  5  6 |
---------------+-------------------+-----
Axes           | 3 4 5 6 |  6.0
Fighting       | |  3.2
Armour         | |  3.2
Shields        | |  3.6

Action                   |  1- 3 |  4- 6 || total
-------------------------+-------+-------++-------
Melee: War axe           |    86 |   229 ||   315
  Use: Potion            |       |     5 ||     5
       Scroll            |       |     4 ||     4
  Eat: Chunk             |       |     6 ||     6
Armor: Scale mail        |    20 |       ||    20
       Plate armour      |    33 |   191 ||   224
Dodge: Dodged            |    22 |    52 ||    74
Block: Shield            |    44 |   157 ||   201
